 Dungeon Crawl Stone Soup version 0.28.0-53-g5a82cb258f (webtiles) character file.

Game seed: 3235643079706937551

1464 Sin92 the Chopper (level 8, -2/62 HPs)
             Began as a Demonspawn Fighter on July 2, 2022.
             Was a Believer of Okawaru.
             Slain by Blork the orc
             ... wielding a +0 mace of protection
              (6 damage)
             ... on level 5 of the Dungeon.
             The game lasted 00:08:26 (6028 turns).

Sin92 the Chopper (Demonspawn Fighter)              Turns: 6028, Time: 00:08:26

Health: -2/62      AC: 11    Str: 20    XL:     8   Next: 48%
Magic:  8/8        EV: 10    Int:  9    God:    Okawaru [**....]
Gold:   952        SH:  8    Dex: 12    Spells: 7/7 levels left

rFire   . . .      SeeInvis .   a - +0 war axe
rCold   . . .      Faith    .   p - +3 warlock's mirror {reflect}
rNeg    . . .      Spirit   .   b - +0 scale mail
rPois   .          Reflect  +   (no helmet)
rElec   .          Harm     .   n - +0 cloak
rCorr   .          Rampage  .   i - +1 pair of gloves
Will    .....                   (no boots)
Stlth   ..........              (no amulet)
HPRegen 0.20/turn               (no ring)
MPRegen 0.11/turn               (no ring)

@: silenced
A: rugged brown scales 1, ignite blood 1
a: Renounce Religion


You were on level 5 of the Dungeon.
You worshipped Okawaru.
Okawaru was pleased with you.
You visited 1 branch of the dungeon, and saw 5 of its levels.
You also visited: Ossuary.

You collected 952 gold pieces.

Inventory:

Hand Weapons
 a - a +0 war axe (weapon)
 e - a +0 whip
Armour
 b - a +0 scale mail (worn)
 c - a +0 buckler
 i - a +1 pair of gloves (worn)
 n - a +0 cloak (worn)
 p - the +3 warlock's mirror (worn) {reflect}
   (You acquired it on level 4 of the Dungeon)

   It can block and reflect piercing ranged attacks and magical attacks against
   the wielder's willpower.
Wands
 h - a wand of iceblast (12)
Scrolls
 q - 2 scrolls of identify
Potions
 f - a potion of berserk rage {unknown}
 g - 2 potions of curing
 j - a potion of invisibility {unknown}
 k - a potion of heal wounds {unknown}
 l - a potion of cancellation {unknown}
 m - a potion of resistance {unknown}
 r - 2 potions of attraction {unknown}
 s - a potion of degeneration {unknown}
 u - a potion of brilliance {unknown}
 v - a potion of mutation {unknown}


   Skills:
 + Level 4.9 Fighting
 * Level 5.5 Axes
 + Level 4.4 Armour
 + Level 3.2 Dodging
 + Level 3.7 Stealth
 + Level 4.5 Shields


You had 7 spell levels left.
You didn't know any spells.
Your spell library was empty.

Dungeon Overview and Level Annotations

Branches:
Dungeon (5/15)            Ossuary (visited)
 Temple: D:4-7

Altars:
Okawaru

Shops:
D:2 *   D:4 (

Annotations:
D:5 Blork the orc


Innate Abilities, Weirdness & Mutations

You are partially covered in rugged brown scales. (AC +1, +3% HP)
Your demonic aura sometimes causes spilled blood to erupt in flames.


Message History

Blork the orc barely misses you. The black bear bites you.
* * * LOW HITPOINT WARNING * * *
You block the black bear's attack. x2
Unknown command.
You hit the black bear.
The black bear is severely wounded.
You slash Blork the orc!
Blork the orc hits you but does no damage.
The black bear closely misses you. You block the black bear's attack.
The black bear claws you but does no damage.
You block Blork the orc's attack. The black bear bites you.
* * * LOW HITPOINT WARNING * * *
The black bear barely misses you. The black bear misses you.
You hit the black bear but do no damage.
The black bear is severely wounded.
You hit Blork the orc. You block Blork the orc's attack.
The black bear bites you but does no damage.
You block the black bear's attack.
The black bear claws you but does no damage.
Blork the orc barely misses you. The black bear barely misses you.
The black bear claws you but does no damage. x2
You slash the black bear!
The black bear is almost dead.
You closely miss Blork the orc. You block Blork the orc's attack.
You block the black bear's attack. The black bear barely misses you.
You block the black bear's attack. Blork the orc barely misses you.
Unknown command.
You hit the black bear.
You kill the black bear!
Okawaru accepts your kill.
You hit Blork the orc but do no damage. Blork the orc closely misses you.
Blork the orc hits you with a +0 mace of protection.
* * * LOW HITPOINT WARNING * * *
Unknown command.
You barely miss Blork the orc.
Blork the orc is severely wounded.
Blork the orc hits you with a +0 mace of protection!
* * * LOW HITPOINT WARNING * * *
Blork the orc hits you with a +0 mace of protection.
You die...

#...............#
#...............#
#........##...#.#
#........... ###
##...#......
##...#..#........
........[#........
.........!........
........#.@.......
..........o†......
.......###........
.##...# #........
#... .......#.
#.#. .......#
.........
........##


You could see Blork the orc (fast).

Vanquished Creatures
  A black bear (D:5)
  2 ogres
  7 elf zombies (Ossuary)
  3 scorpions
  A wyvern skeleton (D:5)
  A howler monkey (D:4)
  4 centaur zombies (Ossuary)
  2 jellies (D:4)
  A human zombie (Ossuary)
  An orc priest (D:3)
  An iguana (D:5)
  An orc wizard (D:3)
  3 mummies (Ossuary)
  3 adders
  An adder skeleton (D:4)
  5 worms
  3 dart slugs
  4 orcs (D:3)
  6 ball pythons
  6 bats
  5 endoplasms
  2 giant cockroaches (D:1)
  8 goblins
  2 hobgoblins
  4 jackals (D:1)
  5 quokkas
  4 frilled lizards (D:1)
  2 goblin zombies (D:4)
  5 kobolds
  4 rats
97 creatures vanquished.

Notes
Turn   | Place    | Note
-------+----------+-------------------------------------------
     0 | D:1      | Sin92 the Demonspawn Fighter began the quest for the Orb.
     0 | D:1      | Reached XP level 1. HP: 18/18 MP: 1/1
     9 | D:1      | Noticed a bullfrog
   174 | D:1      | Reached skill level 2 in Axes
   206 | D:1      | Gained mutation: You are partially covered in rugged brown
                  | scales. (AC +1, +3% HP) [demonic ancestry]
   206 | D:1      | Reached XP level 2. HP: 18/24 MP: 2/2
   891 | D:1      | Reached XP level 3. HP: 29/29 MP: 3/3
  1206 | D:2      | Found Aprisk's Assorted Antiques.
  1232 | D:2      | Found a faded altar of an unknown god.
  1443 | D:2      | Reached skill level 1 in Stealth
  1842 | D:2      | Found an iron altar of Okawaru.
  1871 | D:2      | Became a worshipper of Warmaster Okawaru
  2163 | D:3      | Gained mutation: Your demonic aura sometimes causes spilled
                  | blood to erupt in flames. [demonic ancestry]
  2163 | D:3      | Reached XP level 4. HP: 36/36 MP: 4/4
  2495 | D:3      | Reached skill level 3 in Axes
  2495 | D:3      | Reached skill level 1 in Dodging
  2500 | D:3      | Reached XP level 5. HP: 10/42 MP: 5/5
  3453 | D:4      | Found Neorph's Weapon Emporium.
  3887 | D:4      | Reached XP level 6. HP: 46/49 MP: 6/6
  4104 | D:4      | Found a sand-covered staircase.
  4112 | Ossuary  | Entered an ossuary
  4199 | Ossuary  | Reached * piety under Okawaru
  4200 | Ossuary  | Reached skill level 4 in Axes
  4205 | Ossuary  | Reached XP level 7. HP: 34/55 MP: 7/7
  4593 | Ossuary  | Reached ** piety under Okawaru
  4633 | Ossuary  | Reached skill level 5 in Axes
  4633 | Ossuary  | Reached XP level 8. HP: 43/62 MP: 8/8
  4746 | D:4      | Identified 2 scrolls of acquirement
  4746 | D:4      | Acquired 817 gold pieces
  4748 | D:4      | Acquired the +3 warlock's mirror {reflect}
  4748 | D:4      | Found the +3 warlock's mirror {reflect}
  5473 | D:5      | Entered Level 5 of the Dungeon
  6010 | D:5      | Noticed Blork the orc
  6028 | D:5      | Slain by Blork the orc

Illustrated notes

Levels and vault maps discovered:
D:1:      evilmike_arrival_come_back, layout_basic,
          hangedman_abyss_or_decor_stabs
D:2:      layout_basic, nicolae_ecumenical_oubliette, basic_altar, serial_shops,
          shop, minmay_distorted
D:3:      layout_loops_corners, st_stairs_5
D:4:      cheibrodos_quashed, layout_layer_cave, serial_shops,
          nicolae_shop_bloodbath_and_beyond, enter_ossuary_4
D:5:      layout_rooms, tgw_xom, uniq_blork_the_orc

Skill      XL: |  1  2  3  4  5  6  7  8 |
---------------+-------------------------+-----
Axes           | 2 3 4 5 |  5.5
Stealth        | 1 2 3 |  3.7
Armour         | 3 4 |  4.4
Shields        | 3 4 |  4.5
Dodging        | 1 2 3 |  3.2
Fighting       | 4 |  4.9

Action                   |  1- 3 |  4- 6 |  7- 9 || total
-------------------------+-------+-------+-------++-------
Melee: War axe           |   106 |   110 |   180 ||   396
  Use: Scroll            |     3 |     1 |     6 ||    10
       Potion            |       |     4 |       ||     4
Armor: Scale mail        |    57 |    90 |    91 ||   238
Dodge: Dodged            |    66 |    76 |    99 ||   241
Block: Buckler           |    16 |    34 |    61 ||   111
